 Dungeon Crawl Stone Soup version 0.31-a0-188-g5e087ee2ca (webtiles) character file.

Game seed: 17522910622479396505

52 qw the Shooter (level 3, -1/20 HPs)
             Began as a Deep Elf Hunter on June 23, 2023.
             Slain by Sigmund
             ... wielding a +0 scythe
              (2 damage)
             ... on level 2 of the Dungeon.
             The game lasted 00:00:31 (1743 turns).

qw the Shooter (Deep Elf Hunter)                    Turns: 1743, Time: 00:00:32

Health: -1/20      AC:  8    Str: 10    XL:     3   Next: 60%
Magic:  5/5        EV:  9    Int: 13    God:
Gold:   127        SH:  0    Dex: 18    Spells: 2/2 levels left

rFire   . . .        Y - +0 shortbow
rCold   . . .        (shield currently unavailable)
rNeg    . . .        d - +0 scale mail
rPois   .            (no helmet)
rElec   .            (no cloak)
rCorr   .            (no gloves)
SInv    .            h - +1 pair of boots
Will    .....        (no amulet)
Stlth   +            (no ring)
HPRegen 0.23/turn    (no ring)
MPRegen 0.09/turn

%: no passive effects
@: no status effects
A: no striking features
a: no special abilities


You were on level 2 of the Dungeon.
You visited 1 branch of the dungeon, and saw 2 of its levels.

You collected 127 gold pieces.


   Skills:
 - Level 1.5 Fighting
 + Level 7.1 Ranged Weapons
 - Level 2.4 Dodging
 - Level 1.2 Stealth


You had 2 spell levels left.
You didn't know any spells.
Your spell library was empty.

Inventory:

Hand Weapons
 Y - a +0 shortbow (weapon)
Armour
 d - a +0 scale mail (worn)
 e - a +0 ring mail
 h - a +1 pair of boots (worn)
Jewellery
 c - a +5 ring of evasion
Scrolls
 a - a scroll of silence {unknown}
 b - a scroll of amnesia {unknown}
 g - a scroll of fear {unknown}
 i - a scroll of identify
 m - a scroll of vulnerability {unknown}
Potions
 f - a potion of heal wounds {unknown}
 j - a potion of haste
 k - a potion of enlightenment {unknown}
 l - a potion of degeneration {unknown}

Dungeon Overview and Level Annotations

Branches:
Dungeon (2/15)

Altars:

Annotations:
D:2 1 runed translucent door, Crazy Yiuf, Sigmund, Terence


Message History

Enter note:
Enter note:
Enter note:
Enter note:
Enter note:
Enter note:
Enter note:
Enter note:
Enter note: Sigmund points at you and mumbles some strange words.
The puff of flame misses you.
Sigmund hits you from afar with a +0 scythe.
Sigmund hits you but does no damage.
You feel less confused.
1733 ||| UPGRADING to +0 ring mail.
Sigmund barely misses you.
You start removing your armour.
You continue taking off your +0 scale mail.
Sigmund barely misses you.
You continue taking off your +0 scale mail. x2
Sigmund hits you from afar with a +0 scythe.
You continue taking off your +0 scale mail.
Sigmund hits you but does no damage.
You finish taking off your +0 scale mail.
1738 ||| UPGRADING to +0 scale mail.
You start putting on your armour.
You continue putting on your +0 scale mail.
Sigmund gestures at you while chanting.
Keep equipping yourself?
The magic dart hits you.
You continue putting on your +0 scale mail.
Sigmund barely misses you.
You continue putting on your +0 scale mail.
Sigmund hits you from afar with a +0 scythe.
You continue putting on your +0 scale mail.
You finish putting on your +0 scale mail.
1743 ||| UPGRADING to +0 ring mail.
Sigmund hits you from afar with a +0 scythe.
You stop removing your armour.
You die...

.# #.# #)..#77
77..#.## #######
.###.#
#..)+)7777......#
#...### .....#
#...#7..7)......#
#.#.... .....# ###
777)7...#..####...###
..####
77777##......#.##
.....# ######.#.#
...###### #### #.#.#
...####.# #..# #.#.#
.....##.#
##@#########.#.#
.#.#.##.#
###8.8#........#.##
.#.#.##.#
#..@....######..#.##
...#.##.# #..#8.8###
##.###.## ........#
#.###.### #.## ##..
.###.#### #.
#..#.#######.###.##
.###.#######
#.............#.###
...<........
####.#######.#.####
####.####### #.#
#.......


You could see Sigmund.

Vanquished Creatures
  An adder (D:2)
  A dart slug (D:2)
  7 ball pythons
  3 endoplasms
  4 goblins
  3 hobgoblins
  2 jackals (D:1)
  5 kobolds
  3 quokkas
  2 bats (D:1)
  3 frilled lizards
  2 rats
36 creatures vanquished.

Notes
Turn   | Place    | Note
-------+----------+-------------------------------------------
     0 | D:1      | qw the Deep Elf Hunter began the quest for the Orb.
     0 | D:1      | Reached XP level 1. HP: 12/12 MP: 3/3
     0 | D:1      | 0 ||| qw: Version: 0.3-a-9-g12657ce
     0 | D:1      | 0 ||| qw: Game counter: 4121
     0 | D:1      | 0 ||| qw: Always use a shield: true
     0 | D:1      | 0 ||| qw: God list: Okawaru
     0 | D:1      | 0 ||| qw: Allow faded altars: false
     0 | D:1      | 0 ||| qw: Do Orc after D:15 true
     0 | D:1      | 0 ||| qw: Do second Lair branch before Depths: true
     0 | D:1      | 0 ||| qw: Lair rune preference: random
     0 | D:1      | 0 ||| qw: Plans: Normal
     0 | D:1      | 0 ||| PLANNING D:1-11
   253 | D:1      | Reached skill level 6 in Ranged Weapons
   253 | D:1      | Reached XP level 2. HP: 16/16 MP: 4/4
   477 | D:1      | Found a faded altar of an unknown god.
   854 | D:1      | 854 ||| UPGRADING to +0 scale mail.
   864 | D:1      | 864 ||| DROPPING +0 leather armour.
   865 | D:1      | 865 ||| UPGRADING to +1 pair of boots.
   870 | D:1      | 870 ||| READING scroll labelled ELUGAM OLLIP.
   871 | D:1      | 871 ||| READING scroll labelled HUEHIEGREY.
   872 | D:1      | 872 ||| READING scroll labelled ORRUVV FARYSU.
   873 | D:1      | 873 ||| READING 2 scrolls labelled SALLUO EFETULA.
   877 | D:1      | 877 ||| DRINKING 2 glowing puce potions.
   878 | D:1      | 878 ||| DROPPING scroll of butterflies.
  1032 | D:2      | Reached XP level 3. HP: 20/20 MP: 5/5
  1192 | D:2      | Reached skill level 7 in Ranged Weapons
  1381 | D:2      | Found a runed translucent door.
  1382 | D:2      | Noticed Crazy Yiuf
  1431 | D:2      | Noticed Terence
  1434 | D:2      | HP: 5/20 [Terence/puff of flame (7)]
  1435 | D:2      | 1435 ||| READING scroll of teleportation.
  1719 | D:2      | Noticed Sigmund
  1722 | D:2      | 1722 ||| UPGRADING to +0 ring mail.
  1733 | D:2      | 1733 ||| UPGRADING to +0 ring mail.
  1738 | D:2      | 1738 ||| UPGRADING to +0 scale mail.
  1741 | D:2      | HP: 1/20 [Sigmund/+0 scythe (6)]
  1743 | D:2      | 1743 ||| UPGRADING to +0 ring mail.
  1743 | D:2      | Slain by Sigmund

Levels and vault maps discovered:
D:1:      matt_arrival_grand_opening, layout_loops_corners,
          nicolae_ecumenical_snake_handling
D:2:      layout_loops_ring, grunt_ministairs_1, dk_noncrumbling_4,
          small_statue_intersection, minmay_cut_off, uniq_crazy_yiuf_cottage,
          uniq_sigmund, uniq_terence

Skill      XL: |  1  2  3 |
---------------+----------+-----
Ranged Weapons | 6 7 |  7.1
Fighting       | |  1.5
Dodging        | |  2.4
Stealth        | |  1.2

Action                     || total
---------------------------++-------
   Fire: Shortbow          ||   101
    Use: Scroll            ||     5
         Potion            ||     1
 Armour: Leather armour    ||     1
         Scale mail        ||    19
  Dodge: Dodged            ||    28

Table legend:
 A = Non-vault XP
 B = Vault XP
 C = Vault XP percentage of total XP
 D = Non-vault monster count
 E = Vault monster count
 F = Vault count percentage of total count
                 A         B        C        D         E       F
            +---------+---------+-------+---------+---------+-------
      Total |      62 |      13 |  17.3 |      27 |       9 |  25.0
            +---------+---------+-------+---------+---------+-------
        D:1 |      28 |       3 |   9.7 |      16 |       3 |  15.8
        D:2 |      34 |      10 |  22.7 |      11 |       6 |  35.3
            +---------+---------+-------+---------+---------+-------
